[ AOE2 MATCH · #494582773 ]
UnrankedBurgundians vs Malay
[ REPLAY ANALYSIS · EXTRACTED FROM THE RECORDED GAME ]
Feudal
14:53
Castle
24:18
Imperial
74:22
| APM avg | 38.4 |
| APM peak | 79 |
| eAPM avg | 21.7 |
| Villagers / military | 128 / 244 |
Focus
⚔️ 25.9% · 🌾 74.1%
Coustillier ×108 · Spearman ×68 · Knight ×46 · Battering Ram ×10 · Scout Cavalry ×7 · Trade Cart ×5
Feudal
13:00
Castle
22:32
Imperial
47:05
| APM avg | 15.0 |
| APM peak | 49 |
| eAPM avg | 11.9 |
| Villagers / military | 161 / 234 |
Focus
⚔️ 24.8% · 🌾 75.2%
Scout Cavalry ×125 · Monaspa ×88 · Trade Cart ×30 · Spearman ×13 · Battering Ram ×5 · Knight ×2
Feudal
13:52
Castle
19:43
Imperial
53:24
| APM avg | 26.8 |
| APM peak | 76 |
| eAPM avg | 22.6 |
| Villagers / military | 490 / 299 |
Focus
⚔️ 38.4% · 🌾 61.6%
Skirmisher ×124 · Battle Elephant ×72 · Karambit Warrior ×56 · Battering Ram ×32 · Fishing Ship ×24 · Scout Cavalry ×7
Feudal
15:07
Castle
23:07
Imperial
38:15
| APM avg | 41.1 |
| APM peak | 83 |
| eAPM avg | 16.0 |
| Villagers / military | 126 / 424 |
Focus
⚔️ 42.2% · 🌾 57.8%
Eagle Scout ×198 · Plumed Archer ×162 · Spearman ×45 · Trade Cart ×15 · Trebuchet (Packed) ×14 · Militia ×5
Feudal
13:10
Castle
28:35
Imperial
62:56
| APM avg | 21.3 |
| APM peak | 55 |
| eAPM avg | 11.9 |
| Villagers / military | 159 / 315 |
Focus
⚔️ 38.0% · 🌾 62.0%
Archer ×128 · Scout Cavalry ×91 · Knight ×48 · Camel Scout ×43 · Skirmisher ×5
Feudal
15:00
Castle
31:02
Imperial
38:43
| APM avg | 21.0 |
| APM peak | 54 |
| eAPM avg | 14.4 |
| Villagers / military | 128 / 468 |
Focus
⚔️ 43.0% · 🌾 57.0%
Spearman ×206 · Knight ×150 · Throwing Axeman ×101 · Trade Cart ×23 · Militia ×6 · Trebuchet (Packed) ×5
Feudal
17:22
Castle
23:35
Imperial
47:50
| APM avg | 29.3 |
| APM peak | 64 |
| eAPM avg | 20.2 |
| Villagers / military | 225 / 362 |
Focus
⚔️ 49.8% · 🌾 50.2%
Fire Lancer ×139 · Rattan Archer ×78 · Scout Cavalry ×76 · Knight ×55 · Trebuchet (Packed) ×14
Feudal
17:19
Castle
21:35
Imperial
44:12
| APM avg | 19.6 |
| APM peak | 70 |
| eAPM avg | 12.0 |
| Villagers / military | 205 / 349 |
Focus
⚔️ 33.1% · 🌾 66.9%
Rattan Archer ×158 · Skirmisher ×135 · Trade Cart ×60 · Trebuchet (Packed) ×20 · Battle Elephant ×12 · Fire Lancer ×10
Match map
Initial resources + every placement click. Lines = walls · curves = elevation contours. ◆ gold · ⬟ stone · ● berries · ✦ relic · ◌ wall gap
Your base· Open — unwalled flank
kagemusha's base· Open — 12t gap
Muad Quim's base· Open — unwalled flank
Mampi Yao's base· Open — unwalled flank
Horahlooks's base· Open — unwalled flank
BLONDYN's base· Open — unwalled flank
欢乐小菜鸟's base· Open — unwalled flank
icglyn10's base· Open — unwalled flank
Smoothed initial terrain · ◌ = detected wall gap · hover for details
Inputs per minute
— CDLP_Themachine - - kagemusha
Build order — CDLP_Themachine
First 150 of 427 actions detected
| 2:32 | Build | Town Center |
| 2:53 | Build | House |
| 4:40 | Queue | Villager (Male) |
| 4:41 | Queue | Villager (Male) |
| 4:41 | Queue | Villager (Male) |
| 4:41 | Queue | Villager (Male) |
| 4:41 | Queue | Villager (Male) |
| 5:38 | Queue | Villager (Male) |
| 6:27 | Build | Lumber Camp |
| 6:48 | Queue | Villager (Male) |
| 6:49 | Queue | Villager (Male) |
| 6:49 | Queue | Villager (Male) |
| 6:49 | Queue | Villager (Male) |
| 6:58 | Build | House |
| 7:13 | Research | Loom |
| 8:03 | Queue | Villager (Male) |
| 8:04 | Queue | Villager (Male) |
| 8:04 | Queue | Villager (Male) |
| 8:04 | Queue | Villager (Male) |
| 8:04 | Queue | Villager (Male) |
| 8:22 | Build | House |
| 8:39 | Queue | Villager (Male) |
| 8:39 | Queue | Villager (Male) |
| 9:39 | Queue | Villager (Male) |
| 9:39 | Queue | Villager (Male) |
| 9:53 | Build | Mill |
| 10:55 | Queue | Villager (Male) |
| 10:55 | Queue | Villager (Male) |
| 11:38 | Queue | Villager (Male) |
| 11:38 | Queue | Villager (Male) |
| 11:48 | Build | House |
| 12:39 | Research | Feudal Age |
| 12:44 | Build | House |
| 13:29 | Queue | Villager (Male) |
| 13:29 | Queue | Villager (Male) |
| 14:21 | Build | Barracks |
| 14:40 | Queue | Villager (Male) |
| 14:53 | Age | Feudal Age |
| 15:08 | Build | Stable |
| 15:20 | Build | Blacksmith |
| 15:49 | Build | Stable |
| 15:51 | Queue | Scout Cavalry |
| 15:52 | Queue | Scout Cavalry |
| 15:58 | Build | House |
| 15:59 | Build | House |
| 16:04 | Queue | Villager (Male) |
| 16:46 | Queue | Scout Cavalry |
| 16:46 | Queue | Scout Cavalry |
| 16:46 | Queue | Scout Cavalry |
| 16:49 | Queue | Villager (Male) |
| 16:49 | Queue | Villager (Male) |
| 16:49 | Queue | Villager (Male) |
| 16:49 | Queue | Villager (Male) |
| 16:50 | Queue | Villager (Male) |
| 17:04 | Build | Market |
| 18:32 | Build | Palisade Wall |
| 18:43 | Queue | Spearman |
| 18:43 | Queue | Spearman |
| 18:47 | Build | Mining Camp |
| 19:21 | Queue | Scout Cavalry |
| 19:21 | Queue | Scout Cavalry |
| 19:26 | Queue | Villager (Male) |
| 20:31 | Build | House |
| 21:38 | Research | Castle Age |
| 22:06 | Build | Mining Camp |
| 22:12 | Research | Double-Bit Axe |
| 22:33 | Research | Gold Mining |
| 23:11 | Build | Farm |
| 23:12 | Build | Farm |
| 23:57 | Build | Palisade Wall |
| 24:18 | Age | Castle Age |
| 24:27 | Build | Town Center |
| 24:30 | Research | Wheelbarrow |
| 24:35 | Queue | Knight |
| 24:35 | Queue | Knight |
| 24:36 | Queue | Knight |
| 24:36 | Queue | Knight |
| 24:36 | Queue | Knight |
| 24:44 | Build | Monastery |
| 24:56 | Build | Farm |
| 25:20 | Queue | Monk |
| 25:20 | Queue | Monk |
| 25:23 | Build | Farm |
| 25:23 | Queue | Villager (Male) |
| 25:30 | Build | Farm |
| 25:48 | Build | Farm |
| 25:48 | Build | Farm |
| 26:01 | Build | House |
| 26:11 | Build | Stone Wall |
| 26:27 | Queue | Villager (Male) |
| 26:27 | Queue | Villager (Male) |
| 26:27 | Queue | Villager (Male) |
| 26:49 | Queue | Monk |
| 27:02 | Queue | Monk |
| 27:08 | Queue | Villager (Male) |
| 27:08 | Queue | Villager (Male) |
| 27:09 | Queue | Villager (Male) |
| 27:09 | Queue | Villager (Male) |
| 27:28 | Build | Siege Workshop |
| 28:00 | Build | Farm |
| 28:00 | Build | Farm |
| 28:02 | Build | Farm |
| 28:05 | Research | Horse Collar |
| 28:23 | Build | House |
| 28:24 | Build | House |
| 28:25 | Build | House |
| 28:29 | Queue | Knight |
| 28:29 | Queue | Knight |
| 28:30 | Queue | Knight |
| 28:33 | Queue | Villager (Male) |
| 28:33 | Queue | Villager (Male) |
| 29:06 | Build | House |
| 29:07 | Build | House |
| 29:09 | Queue | Knight |
| 29:10 | Queue | Knight |
| 29:10 | Queue | Knight |
| 29:19 | Build | Lumber Camp |
| 29:48 | Queue | Knight |
| 29:48 | Queue | Knight |
| 29:49 | Queue | Knight |
| 29:55 | Queue | Villager (Male) |
| 29:56 | Queue | Villager (Male) |
| 30:02 | Queue | Battering Ram |
| 30:02 | Queue | Battering Ram |
| 30:43 | Queue | Knight |
| 30:43 | Queue | Knight |
| 30:43 | Queue | Knight |
| 30:43 | Queue | Knight |
| 30:47 | Build | Farm |
| 31:58 | Queue | Knight |
| 31:58 | Queue | Knight |
| 31:58 | Queue | Knight |
| 31:58 | Queue | Knight |
| 31:59 | Queue | Knight |
| 31:59 | Queue | Knight |
| 32:05 | Build | House |
| 32:05 | Build | House |
| 32:06 | Build | House |
| 32:17 | Build | Castle |
| 32:46 | Research | Pikeman (upgrade) |
| 32:46 | Research | Squires |
| 33:32 | Research | Scale Barding Armor |
| 33:39 | Build | House |
| 33:40 | Build | House |
| 33:40 | Build | House |
| 33:43 | Queue | Knight |
| 33:43 | Queue | Knight |
| 33:52 | Queue | Villager (Male) |
| 33:52 | Queue | Villager (Male) |
| 33:55 | Build | Farm |
Build order — kagemusha
First 150 of 470 actions detected
| 0:57 | Build | Town Center |
| 2:42 | Build | House |
| 2:55 | Queue | Villager (Male) |
| 2:55 | Queue | Villager (Male) |
| 2:56 | Queue | Villager (Male) |
| 3:26 | Build | House |
| 4:33 | Build | House |
| 4:46 | Queue | Villager (Male) |
| 4:47 | Queue | Villager (Male) |
| 5:26 | Build | House |
| 5:33 | Queue | Villager (Male) |
| 5:54 | Build | Mill |
| 6:10 | Queue | Villager (Male) |
| 6:10 | Queue | Villager (Male) |
| 6:33 | Queue | Villager (Male) |
| 6:48 | Queue | Villager (Male) |
| 6:48 | Queue | Villager (Male) |
| 7:30 | Queue | Villager (Male) |
| 7:32 | Queue | Villager (Male) |
| 8:07 | Queue | Villager (Male) |
| 8:08 | Queue | Villager (Male) |
| 8:55 | Queue | Villager (Male) |
| 8:56 | Queue | Villager (Male) |
| 8:56 | Queue | Villager (Male) |
| 10:11 | Research | Loom |
| 10:24 | Research | Feudal Age |
| 11:46 | Build | Farm |
| 11:50 | Build | Farm |
| 13:00 | Age | Feudal Age |
| 13:04 | Queue | Villager (Male) |
| 13:05 | Queue | Villager (Male) |
| 13:18 | Build | Market |
| 14:02 | Queue | Villager (Male) |
| 14:03 | Queue | Villager (Male) |
| 14:25 | Build | Blacksmith |
| 14:29 | Build | House |
| 14:32 | Build | House |
| 15:17 | Build | Farm |
| 15:37 | Build | Farm |
| 16:50 | Build | Barracks |
| 17:15 | Queue | Villager (Male) |
| 17:15 | Queue | Villager (Male) |
| 17:53 | Build | House |
| 17:55 | Build | House |
| 17:56 | Build | House |
| 18:09 | Queue | Spearman |
| 18:10 | Queue | Spearman |
| 18:10 | Queue | Spearman |
| 18:10 | Queue | Spearman |
| 19:19 | Build | Mule Cart |
| 19:48 | Build | Farm |
| 19:52 | Research | Castle Age |
| 20:48 | Research | Stone Mining |
| 20:48 | Research | Stone Mining |
| 21:50 | Queue | Spearman |
| 21:51 | Queue | Spearman |
| 22:09 | Queue | Spearman |
| 22:10 | Queue | Spearman |
| 22:26 | Build | Watch Tower |
| 22:32 | Age | Castle Age |
| 22:55 | Queue | Spearman |
| 22:55 | Queue | Spearman |
| 22:56 | Queue | Spearman |
| 23:12 | Queue | Spearman |
| 23:12 | Queue | Spearman |
| 23:48 | Build | Castle |
| 24:05 | Queue | Villager (Male) |
| 24:06 | Queue | Villager (Male) |
| 25:13 | Queue | Monaspa |
| 25:14 | Queue | Monaspa |
| 25:25 | Queue | Villager (Male) |
| 25:25 | Queue | Villager (Male) |
| 25:39 | Build | Town Center |
| 26:18 | Queue | Villager (Male) |
| 26:19 | Queue | Villager (Male) |
| 26:30 | Build | Mule Cart |
| 27:14 | Queue | Villager (Male) |
| 27:15 | Queue | Villager (Male) |
| 27:53 | Build | Town Center |
| 28:20 | Queue | Villager (Male) |
| 28:20 | Queue | Villager (Male) |
| 28:20 | Queue | Villager (Male) |
| 28:20 | Queue | Villager (Male) |
| 28:52 | Build | Siege Workshop |
| 29:02 | Build | House |
| 29:12 | Build | House |
| 29:18 | Build | House |
| 29:32 | Queue | Villager (Male) |
| 29:33 | Queue | Villager (Male) |
| 29:33 | Queue | Villager (Male) |
| 29:51 | Queue | Mangonel |
| 30:10 | Build | Farm |
| 30:11 | Build | Farm |
| 30:12 | Build | Farm |
| 30:50 | Build | Farm |
| 30:57 | Build | Farm |
| 31:13 | Queue | Monaspa |
| 31:14 | Queue | Monaspa |
| 32:36 | Build | Castle |
| 32:47 | Research | Wheelbarrow |
| 32:49 | Queue | Villager (Male) |
| 32:51 | Queue | Villager (Male) |
| 33:06 | Queue | Villager (Male) |
| 33:06 | Queue | Villager (Male) |
| 33:25 | Build | Stone Wall |
| 33:53 | Queue | Monaspa |
| 34:03 | Build | Farm |
| 34:08 | Build | Farm |
| 34:31 | Queue | Villager (Male) |
| 34:32 | Queue | Villager (Male) |
| 34:32 | Queue | Villager (Male) |
| 35:02 | Build | Town Center |
| 35:16 | Queue | Villager (Male) |
| 35:16 | Queue | Villager (Male) |
| 35:16 | Queue | Villager (Male) |
| 35:17 | Queue | Villager (Male) |
| 35:31 | Build | Stone Wall |
| 35:43 | Build | Gate |
| 36:17 | Build | Farm |
| 36:21 | Research | Hand Cart |
| 36:33 | Queue | Villager (Male) |
| 36:55 | Build | Farm |
| 36:56 | Build | Farm |
| 36:56 | Build | Farm |
| 36:56 | Build | Farm |
| 36:56 | Build | Farm |
| 36:57 | Build | Farm |
| 37:04 | Research | Town Watch |
| 37:05 | Queue | Villager (Male) |
| 37:11 | Research | Fletching |
| 37:20 | Build | Farm |
| 37:26 | Queue | Villager (Male) |
| 37:27 | Queue | Villager (Male) |
| 37:34 | Build | Farm |
| 37:38 | Queue | Villager (Male) |
| 37:58 | Queue | Monaspa |
| 37:58 | Queue | Monaspa |
| 38:08 | Queue | Battering Ram |
| 38:09 | Queue | Battering Ram |
| 38:11 | Queue | Battering Ram |
| 38:25 | Queue | Monaspa |
| 38:27 | Queue | Villager (Male) |
| 38:27 | Queue | Villager (Male) |
| 38:28 | Queue | Villager (Male) |
| 38:28 | Queue | Villager (Male) |
| 38:41 | Queue | Villager (Male) |
| 38:41 | Queue | Villager (Male) |
| 38:47 | Build | Farm |
| 38:49 | Build | Farm |
| 38:50 | Build | Farm |
Build order — Muad Quim
First 150 of 1093 actions detected
| 0:44 | Build | Town Center |
| 2:32 | Build | House |
| 2:33 | Build | House |
| 2:36 | Build | House |
| 2:50 | Queue | Villager (Male) |
| 2:51 | Queue | Villager (Male) |
| 2:52 | Queue | Villager (Male) |
| 2:52 | Queue | Villager (Male) |
| 2:52 | Research | Loom |
| 2:57 | Queue | Villager (Male) |
| 2:57 | Queue | Villager (Male) |
| 2:57 | Queue | Villager (Male) |
| 2:57 | Queue | Villager (Male) |
| 2:57 | Queue | Villager (Male) |
| 3:42 | Queue | Villager (Male) |
| 4:37 | Queue | Villager (Male) |
| 5:31 | Queue | Villager (Male) |
| 5:52 | Build | Lumber Camp |
| 5:59 | Queue | Villager (Male) |
| 5:59 | Queue | Villager (Male) |
| 6:00 | Queue | Villager (Male) |
| 6:53 | Queue | Villager (Male) |
| 6:54 | Queue | Villager (Male) |
| 6:55 | Queue | Villager (Male) |
| 7:27 | Queue | Villager (Male) |
| 7:27 | Queue | Villager (Male) |
| 7:54 | Queue | Villager (Male) |
| 7:55 | Queue | Villager (Male) |
| 8:37 | Build | Dock |
| 8:49 | Build | House |
| 9:10 | Build | House |
| 9:24 | Queue | Fishing Ship |
| 9:32 | Queue | Villager (Male) |
| 9:40 | Queue | Villager (Male) |
| 9:47 | Queue | Villager (Male) |
| 9:49 | Queue | Villager (Male) |
| 9:58 | Queue | Villager (Male) |
| 9:59 | Queue | Villager (Male) |
| 10:09 | Queue | Fishing Ship |
| 10:11 | Queue | Villager (Male) |
| 10:27 | Build | House |
| 10:30 | Queue | Villager (Male) |
| 10:42 | Queue | Villager (Male) |
| 10:46 | Queue | Villager (Male) |
| 10:59 | Build | Mill |
| 11:00 | Queue | Villager (Male) |
| 11:12 | Queue | Villager (Male) |
| 11:42 | Queue | Fishing Ship |
| 11:43 | Queue | Villager (Male) |
| 11:59 | Queue | Villager (Male) |
| 12:13 | Research | Feudal Age |
| 12:14 | Research | Feudal Age |
| 12:19 | Queue | Fishing Ship |
| 12:23 | Build | House |
| 12:24 | Build | House |
| 12:55 | Queue | Villager (Male) |
| 13:03 | Queue | Fishing Ship |
| 13:38 | Queue | Villager (Male) |
| 13:39 | Queue | Villager (Male) |
| 13:44 | Queue | Villager (Male) |
| 13:52 | Age | Feudal Age |
| 13:56 | Build | Market |
| 13:58 | Queue | Villager (Male) |
| 14:02 | Research | Double-Bit Axe |
| 14:39 | Research | Tech 906 |
| 15:16 | Build | Mining Camp |
| 15:17 | Queue | Villager (Male) |
| 15:24 | Queue | Villager (Male) |
| 15:34 | Queue | Villager (Male) |
| 15:52 | Build | Blacksmith |
| 16:18 | Build | Mill |
| 16:34 | Build | Fish Trap |
| 16:41 | Queue | Villager (Male) |
| 16:46 | Queue | Villager (Male) |
| 16:50 | Build | House |
| 16:51 | Build | House |
| 17:01 | Build | Fish Trap |
| 17:13 | Queue | Villager (Male) |
| 17:15 | Queue | Villager (Male) |
| 17:35 | Queue | Villager (Male) |
| 18:07 | Research | Castle Age |
| 18:11 | Queue | Villager (Male) |
| 18:47 | Queue | Villager (Male) |
| 18:48 | Queue | Villager (Male) |
| 19:02 | Queue | Villager (Male) |
| 19:06 | Queue | Villager (Male) |
| 19:21 | Queue | Villager (Male) |
| 19:28 | Build | Barracks |
| 19:30 | Queue | Villager (Male) |
| 19:35 | Queue | Villager (Male) |
| 19:40 | Research | Scale Barding Armor |
| 19:40 | Research | Forging |
| 19:43 | Age | Castle Age |
| 19:50 | Build | Fish Trap |
| 19:55 | Build | Fish Trap |
| 20:05 | Queue | Villager (Male) |
| 20:09 | Build | House |
| 20:11 | Queue | Villager (Male) |
| 20:14 | Build | House |
| 20:15 | Build | House |
| 20:16 | Queue | Villager (Male) |
| 20:29 | Build | Town Center |
| 20:31 | Queue | Villager (Male) |
| 20:36 | Queue | Villager (Male) |
| 20:42 | Queue | Villager (Male) |
| 20:45 | Queue | Villager (Male) |
| 20:46 | Build | Stable |
| 20:48 | Queue | Villager (Male) |
| 21:03 | Research | Town Watch |
| 21:04 | Research | Wheelbarrow |
| 21:08 | Queue | Villager (Male) |
| 21:17 | Queue | Villager (Male) |
| 21:26 | Research | Bow Saw |
| 21:32 | Queue | Villager (Male) |
| 21:45 | Queue | Villager (Male) |
| 21:52 | Queue | Villager (Male) |
| 21:58 | Queue | Battle Elephant |
| 21:59 | Queue | Villager (Male) |
| 22:01 | Queue | Villager (Male) |
| 22:02 | Queue | Villager (Male) |
| 22:10 | Queue | Battle Elephant |
| 22:20 | Queue | Villager (Male) |
| 22:20 | Queue | Villager (Male) |
| 22:21 | Queue | Villager (Male) |
| 22:25 | Queue | Villager (Male) |
| 22:27 | Build | Farm |
| 22:31 | Build | Farm |
| 22:34 | Build | Farm |
| 22:34 | Queue | Villager (Male) |
| 22:37 | Queue | Villager (Male) |
| 22:41 | Build | Farm |
| 22:42 | Queue | Villager (Male) |
| 22:46 | Queue | Battle Elephant |
| 22:51 | Queue | Battle Elephant |
| 22:54 | Queue | Villager (Male) |
| 22:54 | Queue | Villager (Male) |
| 22:58 | Queue | Battle Elephant |
| 23:03 | Research | Gold Mining |
| 23:11 | Queue | Villager (Male) |
| 23:12 | Queue | Villager (Male) |
| 23:17 | Queue | Battle Elephant |
| 23:22 | Queue | Villager (Male) |
| 23:33 | Queue | Villager (Male) |
| 23:48 | Build | Fish Trap |
| 23:54 | Queue | Fishing Ship |
| 23:55 | Queue | Villager (Male) |
| 24:01 | Build | Dock |
| 24:03 | Queue | Villager (Male) |
| 24:07 | Queue | Villager (Male) |
| 24:12 | Queue | Battle Elephant |
Build order — Mampi Yao
First 150 of 456 actions detected
| 2:52 | Build | Town Center |
| 4:45 | Queue | Villager (Male) |
| 4:45 | Queue | Villager (Male) |
| 4:46 | Queue | Villager (Male) |
| 4:46 | Queue | Villager (Male) |
| 4:55 | Build | House |
| 5:19 | Research | Loom |
| 5:35 | Queue | Villager (Male) |
| 5:36 | Queue | Villager (Male) |
| 5:50 | Build | House |
| 5:56 | Build | Mill |
| 6:00 | Queue | Villager (Male) |
| 6:45 | Queue | Villager (Male) |
| 7:20 | Queue | Villager (Male) |
| 7:20 | Queue | Villager (Male) |
| 8:06 | Queue | Villager (Male) |
| 8:06 | Queue | Villager (Male) |
| 8:09 | Queue | Villager (Male) |
| 8:21 | Queue | Villager (Male) |
| 8:28 | Build | House |
| 9:19 | Queue | Villager (Male) |
| 9:19 | Queue | Villager (Male) |
| 9:46 | Build | Lumber Camp |
| 10:09 | Queue | Villager (Male) |
| 10:09 | Queue | Villager (Male) |
| 10:54 | Build | House |
| 11:12 | Queue | Villager (Male) |
| 11:12 | Queue | Villager (Male) |
| 12:02 | Queue | Villager (Male) |
| 12:29 | Queue | Villager (Male) |
| 12:43 | Build | House |
| 12:57 | Research | Feudal Age |
| 13:05 | Build | Barracks |
| 13:30 | Build | Mining Camp |
| 13:58 | Build | House |
| 14:15 | Queue | Villager (Male) |
| 14:45 | Build | House |
| 15:07 | Age | Feudal Age |
| 15:10 | Research | Double-Bit Axe |
| 15:12 | Queue | Eagle Scout |
| 15:13 | Queue | Eagle Scout |
| 15:19 | Queue | Villager (Male) |
| 15:23 | Research | Gold Mining |
| 15:47 | Queue | Villager (Male) |
| 15:59 | Build | Blacksmith |
| 16:08 | Queue | Villager (Male) |
| 16:11 | Queue | Eagle Scout |
| 16:41 | Queue | Eagle Scout |
| 16:42 | Queue | Villager (Male) |
| 16:56 | Queue | Villager (Male) |
| 17:34 | Build | Mill |
| 17:37 | Queue | Villager (Male) |
| 17:51 | Build | House |
| 18:05 | Queue | Villager (Male) |
| 18:22 | Build | Mill |
| 18:27 | Queue | Villager (Male) |
| 18:58 | Queue | Villager (Male) |
| 19:33 | Queue | Villager (Male) |
| 19:33 | Queue | Villager (Male) |
| 19:38 | Build | Market |
| 20:25 | Build | House |
| 20:27 | Research | Castle Age |
| 20:27 | Research | Castle Age |
| 20:53 | Build | Mining Camp |
| 20:58 | Research | Stone Mining |
| 21:27 | Queue | Eagle Scout |
| 21:27 | Queue | Eagle Scout |
| 21:31 | Build | Barracks |
| 21:33 | Research | Scale Mail Armor |
| 22:18 | Queue | Eagle Scout |
| 22:19 | Queue | Eagle Scout |
| 22:21 | Queue | Eagle Scout |
| 22:59 | Queue | Villager (Male) |
| 22:59 | Queue | Villager (Male) |
| 23:07 | Age | Castle Age |
| 23:39 | Research | Eagle Warrior (upgrade) |
| 23:49 | Build | Castle |
| 23:55 | Queue | Villager (Male) |
| 23:56 | Queue | Villager (Male) |
| 24:15 | Build | Town Center |
| 24:36 | Queue | Villager (Male) |
| 24:36 | Queue | Villager (Male) |
| 24:39 | Queue | Eagle Scout |
| 24:39 | Queue | Eagle Scout |
| 24:56 | Research | Fletching |
| 25:07 | Build | House |
| 25:20 | Research | Horse Collar |
| 25:25 | Queue | Villager (Male) |
| 25:25 | Queue | Villager (Male) |
| 25:28 | Research | Bodkin Arrow |
| 25:36 | Queue | Villager (Male) |
| 25:36 | Queue | Villager (Male) |
| 25:53 | Queue | Plumed Archer |
| 26:01 | Build | Farm |
| 26:01 | Build | Farm |
| 26:02 | Build | Farm |
| 26:06 | Build | Farm |
| 26:07 | Queue | Villager (Male) |
| 26:07 | Queue | Villager (Male) |
| 26:15 | Queue | Villager (Male) |
| 26:15 | Queue | Villager (Male) |
| 26:20 | Queue | Plumed Archer |
| 26:47 | Queue | Villager (Male) |
| 26:48 | Queue | Villager (Male) |
| 27:06 | Queue | Villager (Male) |
| 27:06 | Queue | Villager (Male) |
| 27:15 | Build | Farm |
| 27:15 | Build | Farm |
| 27:15 | Build | Farm |
| 27:17 | Queue | Villager (Male) |
| 27:17 | Queue | Villager (Male) |
| 27:20 | Build | Farm |
| 27:44 | Queue | Villager (Male) |
| 27:45 | Queue | Villager (Male) |
| 27:55 | Build | Farm |
| 27:55 | Build | Farm |
| 27:56 | Build | Farm |
| 27:58 | Build | Farm |
| 28:00 | Queue | Villager (Male) |
| 28:03 | Queue | Villager (Male) |
| 28:04 | Queue | Villager (Male) |
| 28:16 | Queue | Plumed Archer |
| 28:16 | Queue | Plumed Archer |
| 28:18 | Queue | Villager (Male) |
| 28:44 | Build | Castle |
| 28:50 | Queue | Villager (Male) |
| 28:50 | Queue | Villager (Male) |
| 28:52 | Queue | Plumed Archer |
| 28:52 | Queue | Plumed Archer |
| 29:05 | Queue | Villager (Male) |
| 29:05 | Queue | Villager (Male) |
| 29:07 | Queue | Plumed Archer |
| 29:07 | Queue | Plumed Archer |
| 29:07 | Queue | Plumed Archer |
| 29:24 | Build | House |
| 29:31 | Queue | Villager (Male) |
| 29:31 | Queue | Villager (Male) |
| 29:33 | Queue | Plumed Archer |
| 29:33 | Queue | Plumed Archer |
| 30:01 | Queue | Villager (Male) |
| 30:01 | Queue | Villager (Male) |
| 30:01 | Queue | Villager (Male) |
| 30:03 | Queue | Plumed Archer |
| 30:03 | Queue | Plumed Archer |
| 30:03 | Queue | Plumed Archer |
| 30:36 | Queue | Plumed Archer |
| 30:36 | Queue | Plumed Archer |
| 30:40 | Queue | Villager (Male) |
| 30:40 | Queue | Villager (Male) |
| 30:40 | Queue | Villager (Male) |
Build order — Horahlooks
First 150 of 423 actions detected
| 0:12 | Build | Town Center |
| 0:16 | Build | House |
| 0:20 | Build | House |
| 2:35 | Queue | Villager (Male) ×5 |
| 2:35 | Queue | Villager (Male) ×5 |
| 4:55 | Build | Lumber Camp |
| 4:59 | Queue | Villager (Male) |
| 4:59 | Queue | Villager (Male) |
| 5:00 | Queue | Villager (Male) |
| 5:00 | Queue | Villager (Male) |
| 5:38 | Queue | Villager (Male) |
| 6:05 | Queue | Villager (Male) |
| 6:32 | Build | House |
| 7:03 | Queue | Villager (Male) |
| 7:29 | Queue | Villager (Male) |
| 8:06 | Queue | Villager (Male) |
| 8:07 | Queue | Villager (Male) |
| 8:07 | Queue | Villager (Male) |
| 8:08 | Queue | Villager (Male) |
| 8:12 | Build | House |
| 8:38 | Build | Mill |
| 8:43 | Build | Mill |
| 9:24 | Build | Barracks |
| 9:29 | Queue | Villager (Male) |
| 9:30 | Queue | Villager (Male) |
| 9:30 | Queue | Villager (Male) |
| 9:31 | Research | Loom |
| 11:07 | Research | Feudal Age |
| 11:13 | Build | House |
| 11:15 | Build | House |
| 12:50 | Queue | Villager (Male) |
| 13:10 | Age | Feudal Age |
| 13:13 | Build | Stable |
| 13:16 | Build | Stable |
| 13:19 | Queue | Villager (Male) |
| 13:32 | Queue | Villager (Male) |
| 13:33 | Queue | Villager (Male) |
| 13:37 | Build | Archery Range |
| 14:12 | Build | Mill |
| 14:15 | Queue | Scout Cavalry |
| 14:16 | Queue | Scout Cavalry |
| 14:16 | Queue | Scout Cavalry |
| 14:17 | Queue | Scout Cavalry |
| 14:17 | Queue | Scout Cavalry |
| 14:40 | Queue | Villager (Male) |
| 14:46 | Build | Farm |
| 14:46 | Build | Farm |
| 14:46 | Build | Farm |
| 14:59 | Build | Farm |
| 15:08 | Queue | Villager (Male) |
| 15:08 | Queue | Villager (Male) |
| 15:09 | Queue | Villager (Male) |
| 15:17 | Build | Farm |
| 15:29 | Build | Farm |
| 15:37 | Build | House |
| 15:57 | Queue | Villager (Male) |
| 15:58 | Queue | Villager (Male) |
| 15:58 | Queue | Villager (Male) |
| 16:01 | Build | House |
| 16:02 | Build | House |
| 16:34 | Build | Farm |
| 16:34 | Build | Farm |
| 16:53 | Queue | Villager (Male) |
| 16:54 | Queue | Scout Cavalry |
| 16:54 | Queue | Scout Cavalry |
| 16:54 | Queue | Scout Cavalry |
| 17:01 | Build | Farm |
| 17:01 | Build | Farm |
| 17:02 | Build | Farm |
| 17:02 | Build | Farm |
| 17:02 | Build | Farm |
| 17:02 | Build | Farm |
| 17:03 | Build | Farm |
| 17:42 | Queue | Villager (Male) |
| 17:44 | Research | Horse Collar |
| 17:48 | Build | House |
| 17:52 | Build | House |
| 17:57 | Build | Palisade Gate |
| 18:07 | Queue | Villager (Male) |
| 18:08 | Queue | Villager (Male) |
| 18:18 | Queue | Skirmisher |
| 18:18 | Queue | Skirmisher |
| 18:18 | Queue | Skirmisher |
| 18:19 | Queue | Skirmisher |
| 18:19 | Queue | Skirmisher |
| 18:41 | Queue | Villager (Male) |
| 18:41 | Queue | Villager (Male) |
| 18:42 | Queue | Villager (Male) |
| 18:42 | Queue | Villager (Male) |
| 18:55 | Build | Blacksmith |
| 19:02 | Build | Palisade Gate |
| 19:18 | Queue | Villager (Male) |
| 19:42 | Research | Scale Barding Armor |
| 19:44 | Queue | Villager (Male) |
| 19:44 | Queue | Villager (Male) |
| 19:50 | Build | Farm |
| 19:51 | Build | Farm |
| 19:54 | Build | Farm |
| 19:55 | Build | Farm |
| 20:00 | Research | Wheelbarrow |
| 20:02 | Queue | Villager (Male) |
| 20:35 | Build | Mining Camp |
| 21:12 | Queue | Villager (Male) |
| 21:14 | Queue | Scout Cavalry |
| 21:14 | Queue | Scout Cavalry |
| 21:15 | Queue | Scout Cavalry |
| 21:16 | Research | Padded Archer Armor |
| 21:28 | Queue | Villager (Male) |
| 21:29 | Research | Double-Bit Axe |
| 21:32 | Build | Lumber Camp |
| 21:43 | Build | Palisade Wall |
| 21:45 | Build | Palisade Gate |
| 21:52 | Queue | Villager (Male) |
| 22:03 | Build | Mining Camp |
| 22:15 | Queue | Villager (Male) |
| 22:17 | Queue | Scout Cavalry |
| 22:17 | Queue | Scout Cavalry |
| 22:19 | Queue | Scout Cavalry |
| 22:19 | Queue | Scout Cavalry |
| 22:35 | Build | House |
| 23:23 | Queue | Villager (Male) |
| 23:29 | Build | Mill |
| 23:30 | Build | Farm |
| 23:30 | Build | Farm |
| 23:30 | Build | Farm |
| 23:30 | Build | Farm |
| 23:31 | Build | Farm |
| 23:31 | Build | Farm |
| 23:33 | Queue | Villager (Male) |
| 23:33 | Queue | Villager (Male) |
| 23:50 | Research | Fletching |
| 23:53 | Build | House |
| 24:10 | Research | Town Watch |
| 24:11 | Queue | Villager (Male) |
| 24:13 | Queue | Villager (Male) |
| 24:40 | Build | Mill |
| 24:41 | Build | Farm |
| 24:41 | Build | Farm |
| 24:41 | Build | Farm |
| 24:42 | Build | Farm |
| 24:42 | Build | Farm |
| 24:42 | Build | Farm |
| 24:42 | Build | Farm |
| 24:53 | Build | House |
| 24:55 | Build | House |
| 25:01 | Build | House |
| 25:32 | Build | Gate |
| 25:34 | Build | Stone Wall |
| 25:53 | Build | Gate |
| 25:59 | Build | House |
Build order — BLONDYN
First 150 of 616 actions detected
| 0:05 | Build | House |
| 1:00 | Build | Town Center |
| 3:23 | Build | Mill |
| 3:38 | Queue | Villager (Male) |
| 3:39 | Queue | Villager (Male) |
| 3:40 | Queue | Villager (Male) |
| 3:40 | Queue | Villager (Male) |
| 3:41 | Queue | Villager (Male) |
| 4:51 | Queue | Villager (Male) |
| 5:20 | Build | House |
| 5:21 | Build | House |
| 5:23 | Build | House |
| 5:32 | Queue | Villager (Male) |
| 5:53 | Queue | Villager (Male) |
| 6:18 | Queue | Villager (Male) |
| 6:18 | Research | Loom |
| 6:54 | Queue | Villager (Male) |
| 7:21 | Queue | Villager (Male) |
| 7:22 | Queue | Villager (Male) |
| 7:32 | Research | Loom |
| 8:11 | Queue | Villager (Male) |
| 8:41 | Queue | Villager (Male) |
| 8:41 | Queue | Villager (Male) |
| 9:18 | Build | Lumber Camp |
| 9:21 | Queue | Villager (Male) |
| 9:21 | Queue | Villager (Male) |
| 10:05 | Queue | Villager (Male) |
| 10:33 | Queue | Villager (Male) |
| 10:33 | Queue | Villager (Male) |
| 11:42 | Queue | Villager (Male) |
| 12:02 | Build | House |
| 12:03 | Build | House |
| 12:06 | Build | House |
| 12:12 | Build | Barracks |
| 12:19 | Queue | Villager (Male) |
| 12:50 | Research | Feudal Age |
| 13:53 | Build | Mining Camp |
| 13:57 | Queue | Villager (Male) |
| 14:06 | Build | Farm |
| 14:07 | Build | Farm |
| 14:09 | Build | Farm |
| 14:10 | Build | Farm |
| 14:20 | Build | Mining Camp |
| 14:24 | Queue | Villager (Male) |
| 15:00 | Age | Feudal Age |
| 15:00 | Research | Double-Bit Axe |
| 15:14 | Queue | Spearman |
| 15:18 | Queue | Villager (Male) |
| 15:49 | Build | Stable |
| 15:55 | Build | Blacksmith |
| 16:07 | Build | Stone Wall |
| 16:12 | Build | Gate |
| 16:18 | Queue | Villager (Male) |
| 16:18 | Queue | Villager (Male) |
| 16:24 | Build | Farm |
| 16:26 | Build | Farm |
| 16:26 | Build | Farm |
| 16:36 | Build | Gate |
| 16:42 | Build | Stone Wall |
| 16:55 | Queue | Villager (Male) |
| 17:16 | Build | Farm |
| 17:29 | Build | Stone Wall |
| 17:35 | Build | Gate |
| 17:37 | Research | Gold Mining |
| 17:37 | Research | Stone Mining |
| 17:39 | Queue | Villager (Male) |
| 17:39 | Queue | Villager (Male) |
| 17:58 | Queue | Spearman |
| 18:12 | Queue | Spearman |
| 18:31 | Queue | Villager (Male) |
| 18:31 | Queue | Villager (Male) |
| 19:04 | Queue | Spearman |
| 19:05 | Queue | Spearman |
| 19:13 | Research | Man-at-Arms (upgrade) |
| 19:13 | Queue | Militia |
| 19:29 | Build | Farm |
| 19:33 | Build | Farm |
| 20:08 | Queue | Spearman |
| 20:10 | Queue | Spearman |
| 20:11 | Queue | Militia |
| 20:27 | Queue | Villager (Male) |
| 20:28 | Queue | Villager (Male) |
| 20:31 | Queue | Villager (Male) |
| 20:58 | Build | Stone Wall |
| 21:03 | Build | Gate |
| 21:37 | Queue | Villager (Male) |
| 21:37 | Queue | Villager (Male) |
| 21:44 | Build | Farm |
| 21:48 | Build | Farm |
| 22:08 | Build | House |
| 22:27 | Research | Arson |
| 22:27 | Queue | Militia |
| 22:27 | Queue | Spearman |
| 22:33 | Research | Town Watch |
| 22:59 | Build | House |
| 23:01 | Build | House |
| 23:01 | Build | House |
| 23:02 | Build | House |
| 23:03 | Build | House |
| 23:04 | Build | House |
| 23:07 | Queue | Villager (Male) |
| 23:07 | Queue | Villager (Male) |
| 23:26 | Build | Farm |
| 23:34 | Queue | Villager (Male) |
| 23:44 | Build | Stone Wall |
| 23:48 | Build | Gate |
| 24:00 | Queue | Villager (Male) |
| 24:14 | Build | Farm |
| 24:16 | Build | Farm |
| 24:17 | Build | Farm |
| 24:20 | Build | Farm |
| 24:53 | Queue | Militia |
| 24:53 | Queue | Spearman |
| 24:56 | Queue | Villager (Male) |
| 25:20 | Queue | Villager (Male) |
| 25:27 | Build | Farm |
| 25:39 | Build | House |
| 25:40 | Build | House |
| 25:42 | Build | House |
| 25:44 | Build | House |
| 25:45 | Build | House |
| 25:46 | Build | House |
| 25:51 | Research | Wheelbarrow |
| 26:01 | Queue | Militia |
| 26:01 | Queue | Spearman |
| 26:06 | Queue | Spearman |
| 26:35 | Queue | Villager (Male) |
| 26:35 | Queue | Villager (Male) |
| 26:55 | Queue | Spearman |
| 27:11 | Build | Farm |
| 28:22 | Research | Castle Age |
| 28:51 | Research | Forging |
| 28:56 | Queue | Spearman |
| 28:56 | Queue | Spearman |
| 29:52 | Queue | Villager (Male) |
| 29:52 | Queue | Villager (Male) |
| 31:02 | Age | Castle Age |
| 31:02 | Research | Bow Saw |
| 31:10 | Build | Castle |
| 31:12 | Research | Gold Shaft Mining |
| 31:16 | Research | Hand Cart |
| 31:20 | Queue | Knight |
| 31:20 | Queue | Knight |
| 31:21 | Queue | Knight |
| 31:43 | Build | Town Center |
| 31:50 | Queue | Villager (Male) |
| 31:55 | Queue | Villager (Male) |
| 32:06 | Research | Pikeman (upgrade) |
| 32:07 | Queue | Spearman |
| 32:15 | Research | Squires |
Build order — 欢乐小菜鸟
First 150 of 780 actions detected
| 0:03 | Build | House |
| 0:08 | Build | House |
| 0:52 | Build | Mill |
| 5:04 | Build | Town Center |
| 7:17 | Queue | Villager (Male) |
| 7:17 | Queue | Villager (Male) |
| 7:17 | Queue | Villager (Male) |
| 7:18 | Queue | Villager (Male) |
| 7:27 | Queue | Villager (Male) |
| 7:27 | Queue | Villager (Male) |
| 7:27 | Queue | Villager (Male) |
| 7:41 | Queue | Villager (Male) |
| 7:41 | Queue | Villager (Male) |
| 9:37 | Queue | Villager (Male) |
| 9:37 | Queue | Villager (Male) |
| 10:14 | Build | Mill |
| 10:18 | Queue | Villager (Male) |
| 10:19 | Queue | Villager (Male) |
| 10:41 | Queue | Villager (Male) |
| 10:41 | Queue | Villager (Male) |
| 11:05 | Build | House |
| 11:13 | Queue | Villager (Male) |
| 11:14 | Queue | Villager (Male) |
| 11:35 | Queue | Villager (Male) |
| 11:35 | Queue | Villager (Male) |
| 11:43 | Build | House |
| 11:44 | Queue | Villager (Male) |
| 11:58 | Queue | Villager (Male) |
| 11:59 | Queue | Villager (Male) |
| 12:19 | Build | House |
| 12:20 | Build | House |
| 12:22 | Queue | Villager (Male) |
| 12:22 | Queue | Villager (Male) |
| 12:40 | Queue | Villager (Male) |
| 12:40 | Queue | Villager (Male) |
| 12:50 | Queue | Villager (Male) |
| 12:50 | Queue | Villager (Male) |
| 13:23 | Queue | Villager (Male) |
| 13:23 | Queue | Villager (Male) |
| 13:23 | Queue | Villager (Male) |
| 13:24 | Queue | Villager (Male) |
| 13:36 | Queue | Villager (Male) |
| 13:52 | Queue | Villager (Male) |
| 13:52 | Queue | Villager (Male) |
| 13:52 | Queue | Villager (Male) |
| 13:59 | Queue | Villager (Male) |
| 14:05 | Queue | Villager (Male) |
| 14:16 | Queue | Villager (Male) |
| 14:38 | Research | Loom |
| 14:39 | Queue | Villager (Male) |
| 14:44 | Build | Lumber Camp |
| 15:07 | Research | Feudal Age |
| 15:08 | Research | Feudal Age |
| 15:43 | Build | Mill |
| 15:47 | Queue | Villager (Male) |
| 15:48 | Queue | Villager (Male) |
| 16:04 | Queue | Villager (Male) |
| 16:07 | Queue | Villager (Male) |
| 16:14 | Queue | Villager (Male) |
| 16:15 | Queue | Villager (Male) |
| 16:18 | Queue | Villager (Male) |
| 16:31 | Queue | Villager (Male) |
| 16:34 | Queue | Villager (Male) |
| 17:12 | Queue | Villager (Male) |
| 17:20 | Build | Mining Camp |
| 17:22 | Age | Feudal Age |
| 17:26 | Queue | Villager (Male) |
| 17:28 | Queue | Villager (Male) |
| 17:39 | Research | Double-Bit Axe |
| 17:47 | Queue | Villager (Male) |
| 18:02 | Research | Gold Mining |
| 18:05 | Research | Stone Mining |
| 18:07 | Queue | Villager (Male) |
| 18:12 | Research | Town Watch |
| 18:12 | Research | Wheelbarrow |
| 18:14 | Queue | Villager (Male) |
| 18:17 | Queue | Villager (Male) |
| 18:18 | Queue | Villager (Male) |
| 18:28 | Build | Blacksmith |
| 18:43 | Queue | Villager (Male) |
| 19:29 | Build | Market |
| 20:19 | Queue | Villager (Male) |
| 20:25 | Queue | Villager (Male) |
| 20:34 | Build | Mining Camp |
| 20:55 | Research | Castle Age |
| 21:04 | Research | Scale Mail Armor |
| 21:17 | Queue | Villager (Male) |
| 21:22 | Build | Barracks |
| 21:34 | Queue | Villager (Male) |
| 22:22 | Research | Arson |
| 23:18 | Queue | Villager (Male) |
| 23:26 | Build | Mill |
| 23:28 | Queue | Villager (Male) |
| 23:35 | Age | Castle Age |
| 23:40 | Research | Squires |
| 23:41 | Queue | Fire Lancer |
| 23:41 | Queue | Fire Lancer |
| 23:42 | Queue | Fire Lancer |
| 23:43 | Queue | Villager (Male) |
| 23:48 | Build | Barracks |
| 23:51 | Queue | Villager (Male) |
| 23:59 | Research | Chain Mail Armor |
| 25:05 | Build | House |
| 25:12 | Queue | Fire Lancer |
| 25:13 | Queue | Fire Lancer |
| 25:21 | Research | Forging |
| 25:21 | Queue | Villager (Male) |
| 25:24 | Queue | Villager (Male) |
| 25:26 | Queue | Villager (Male) |
| 25:35 | Build | Town Center |
| 25:57 | Queue | Fire Lancer |
| 25:57 | Queue | Fire Lancer |
| 25:57 | Queue | Fire Lancer |
| 26:14 | Queue | Villager (Male) |
| 26:18 | Build | House |
| 27:01 | Build | Barracks |
| 27:32 | Queue | Fire Lancer |
| 27:32 | Queue | Fire Lancer |
| 27:38 | Build | Barracks |
| 27:49 | Queue | Villager (Male) |
| 27:51 | Queue | Villager (Male) |
| 27:51 | Queue | Villager (Male) |
| 27:58 | Research | Bow Saw |
| 27:59 | Queue | Villager (Male) |
| 27:59 | Queue | Villager (Male) |
| 28:03 | Queue | Villager (Male) |
| 28:21 | Build | Town Center |
| 28:28 | Queue | Fire Lancer |
| 28:29 | Queue | Fire Lancer |
| 28:29 | Queue | Fire Lancer |
| 28:29 | Queue | Fire Lancer |
| 28:31 | Queue | Villager (Male) |
| 29:01 | Queue | Villager (Male) |
| 29:04 | Build | Farm |
| 29:10 | Build | Farm |
| 29:14 | Build | Farm |
| 29:15 | Build | Farm |
| 29:25 | Build | Farm |
| 29:26 | Build | Farm |
| 29:27 | Queue | Villager (Male) |
| 29:27 | Queue | Villager (Male) |
| 29:50 | Build | Farm |
| 29:55 | Queue | Villager (Male) |
| 30:12 | Build | Farm |
| 30:14 | Build | Farm |
| 30:15 | Queue | Villager (Male) |
| 30:18 | Build | Farm |
| 30:27 | Research | Horse Collar |
| 30:27 | Research | Horse Collar |
| 30:42 | Queue | Fire Lancer |
Build order — icglyn10
First 150 of 430 actions detected
| 1:40 | Build | Town Center |
| 3:10 | Build | House |
| 3:48 | Queue | Villager (Male) |
| 3:49 | Queue | Villager (Male) |
| 3:49 | Queue | Villager (Male) |
| 3:49 | Queue | Villager (Male) |
| 3:50 | Queue | Villager (Male) |
| 4:14 | Research | Loom |
| 5:38 | Queue | Villager (Male) |
| 5:38 | Queue | Villager (Male) |
| 5:54 | Queue | Villager (Male) |
| 5:54 | Queue | Villager (Male) |
| 6:12 | Queue | Villager (Male) |
| 6:12 | Queue | Villager (Male) |
| 6:13 | Queue | Villager (Male) |
| 6:30 | Build | House |
| 6:43 | Queue | Villager (Male) |
| 6:43 | Queue | Villager (Male) |
| 7:46 | Queue | Villager (Male) |
| 7:47 | Queue | Villager (Male) |
| 7:47 | Queue | Villager (Male) |
| 7:47 | Queue | Villager (Male) |
| 8:10 | Queue | Villager (Male) |
| 8:10 | Queue | Villager (Male) |
| 9:00 | Build | House |
| 9:34 | Queue | Villager (Male) |
| 9:34 | Queue | Villager (Male) |
| 9:34 | Queue | Villager (Male) |
| 9:51 | Build | House |
| 9:53 | Build | House |
| 9:55 | Build | House |
| 10:25 | Build | Mining Camp |
| 10:42 | Build | Mill |
| 11:11 | Build | Palisade Wall |
| 11:24 | Queue | Villager (Male) |
| 11:24 | Queue | Villager (Male) |
| 11:24 | Queue | Villager (Male) |
| 11:24 | Queue | Villager (Male) |
| 11:25 | Queue | Villager (Male) |
| 11:25 | Queue | Villager (Male) |
| 11:25 | Queue | Villager (Male) |
| 11:26 | Queue | Villager (Male) |
| 11:33 | Build | Farm |
| 11:38 | Build | Farm |
| 11:42 | Build | Farm |
| 12:09 | Queue | Villager (Male) |
| 12:09 | Queue | Villager (Male) |
| 12:09 | Queue | Villager (Male) |
| 12:09 | Queue | Villager (Male) |
| 12:17 | Build | Farm |
| 12:22 | Build | Farm |
| 12:43 | Build | Palisade Wall |
| 12:58 | Build | Farm |
| 13:10 | Build | Farm |
| 13:57 | Build | Palisade Wall |
| 13:59 | Build | Palisade Wall |
| 14:01 | Build | Palisade Wall |
| 14:02 | Build | Palisade Wall |
| 14:12 | Build | Farm |
| 14:17 | Build | Farm |
| 14:28 | Build | Farm |
| 15:05 | Research | Feudal Age |
| 15:19 | Build | Palisade Gate |
| 15:47 | Build | Lumber Camp |
| 16:14 | Build | Barracks |
| 16:52 | Build | House |
| 16:53 | Build | House |
| 16:55 | Build | House |
| 17:19 | Age | Feudal Age |
| 17:26 | Build | Stable |
| 17:33 | Research | Double-Bit Axe |
| 18:18 | Build | Blacksmith |
| 18:21 | Build | House |
| 18:23 | Build | House |
| 18:55 | Research | Castle Age |
| 18:56 | Research | Castle Age |
| 19:16 | Build | Stable |
| 19:28 | Research | Bloodlines |
| 20:08 | Build | Stable |
| 21:03 | Queue | Scout Cavalry ×4 |
| 21:03 | Queue | Scout Cavalry ×4 |
| 21:25 | Build | Lumber Camp |
| 21:26 | Queue | Villager (Male) |
| 21:26 | Queue | Villager (Male) |
| 21:27 | Queue | Villager (Male) |
| 21:35 | Age | Castle Age |
| 22:17 | Build | Mining Camp |
| 22:28 | Research | Light Cavalry (upgrade) |
| 23:47 | Build | Town Center |
| 23:50 | Queue | Villager (Male) ×5 |
| 24:19 | Queue | Scout Cavalry |
| 24:20 | Queue | Scout Cavalry |
| 24:55 | Research | Bow Saw |
| 25:30 | Queue | Villager (Male) ×2 |
| 25:39 | Queue | Villager (Male) ×3 |
| 25:39 | Queue | Villager (Male) ×3 |
| 26:10 | Research | Stone Mining |
| 26:20 | Build | Farm |
| 26:22 | Build | Farm |
| 26:23 | Build | Farm |
| 26:49 | Queue | Fire Lancer ×5 |
| 27:17 | Queue | Villager (Male) ×4 |
| 27:17 | Queue | Villager (Male) ×4 |
| 28:04 | Queue | Fire Lancer ×5 |
| 28:12 | Queue | Villager (Male) ×4 |
| 28:44 | Queue | Villager (Male) ×2 |
| 28:44 | Queue | Villager (Male) ×2 |
| 29:47 | Build | Castle |
| 30:05 | Build | Siege Workshop |
| 30:14 | Build | House |
| 30:15 | Build | House |
| 30:17 | Build | House |
| 30:18 | Build | House |
| 30:30 | Queue | Villager (Male) ×5 |
| 30:30 | Queue | Villager (Male) ×5 |
| 30:30 | Queue | Villager (Male) ×5 |
| 30:36 | Build | Farm |
| 31:30 | Queue | Rattan Archer ×2 |
| 31:30 | Queue | Rattan Archer ×2 |
| 31:46 | Build | Lumber Camp |
| 32:01 | Research | Chatras |
| 32:04 | Queue | Rattan Archer |
| 32:04 | Queue | Rattan Archer |
| 32:25 | Build | Castle |
| 32:44 | Queue | Battering Ram |
| 32:44 | Queue | Battering Ram |
| 32:47 | Queue | Rattan Archer ×2 |
| 32:48 | Queue | Rattan Archer ×3 |
| 32:48 | Queue | Rattan Archer |
| 33:01 | Queue | Rattan Archer |
| 33:01 | Queue | Rattan Archer |
| 33:19 | Queue | Rattan Archer |
| 33:19 | Queue | Rattan Archer |
| 34:09 | Build | Town Center |
| 34:15 | Build | Farm |
| 34:16 | Build | Farm |
| 34:16 | Build | Farm |
| 34:16 | Build | Farm |
| 34:17 | Build | Farm |
| 34:17 | Build | Farm |
| 34:17 | Build | Farm |
| 34:26 | Research | Wheelbarrow |
| 34:28 | Queue | Villager (Male) ×5 |
| 34:28 | Queue | Villager (Male) ×5 |
| 34:29 | Queue | Villager (Male) ×5 |
| 34:40 | Queue | Rattan Archer ×2 |
| 34:40 | Queue | Rattan Archer ×2 |
| 35:23 | Queue | Villager (Male) |
| 35:24 | Queue | Villager (Male) |
| 35:24 | Queue | Villager (Male) |
Match timeline
| 8:37 | Muad Quim · first_building Dock |
| 9:24 | Horahlooks · first_building Barracks |
| 11:11 | icglyn10 · wall_segment Palisade Wall x11 |
| 12:12 | BLONDYN · first_building Barracks |
| 12:43 | icglyn10 · wall_segment Palisade Wall x16 |
| 13:00 | kagemusha · age_up feudal |
| 13:05 | Mampi Yao · first_building Barracks |
| 13:10 | Horahlooks · age_up feudal |
| 13:13 | Horahlooks · first_building Stable |
| 13:37 | Horahlooks · first_building Archery Range |
| 13:52 | Muad Quim · age_up feudal |
| 13:57 | icglyn10 · wall_segment Palisade Wall x1 |
| 13:59 | icglyn10 · wall_segment Palisade Wall x6 |
| 14:01 | icglyn10 · wall_segment Palisade Wall x1 |
| 14:02 | icglyn10 · wall_segment Palisade Wall x1 |
| 14:21 | CDLP_Themachine · first_building Barracks |
| 14:53 | CDLP_Themachine · age_up feudal |
| 15:00 | BLONDYN · age_up feudal |
| 15:07 | Mampi Yao · age_up feudal |
| 15:08 | CDLP_Themachine · first_building Stable |
| 15:49 | BLONDYN · first_building Stable |
| 16:07 | BLONDYN · wall_segment Stone Wall x15 |
| 16:14 | icglyn10 · first_building Barracks |
| 16:42 | BLONDYN · wall_segment Stone Wall x4 |
| 16:50 | kagemusha · first_building Barracks |
| 17:19 | icglyn10 · age_up feudal |
| 17:22 | 欢乐小菜鸟 · age_up feudal |
| 17:26 | icglyn10 · first_building Stable |
| 17:29 | BLONDYN · wall_segment Stone Wall x8 |
| 18:32 | CDLP_Themachine · wall_segment Palisade Wall x9 |
| 18:56 | kagemusha · first_market_buy 100 food |
| 19:00 | kagemusha · first_market_sell 100 stone |
| 19:28 | Muad Quim · first_building Barracks |
| 19:43 | Muad Quim · age_up castle |
| 20:46 | Muad Quim · first_building Stable |
| 20:53 | 欢乐小菜鸟 · first_market_sell 100 wood |
| 20:58 | BLONDYN · wall_segment Stone Wall x12 |
| 21:22 | 欢乐小菜鸟 · first_building Barracks |
| 21:24 | Muad Quim · first_market_buy 100 wood |
| 21:35 | icglyn10 · age_up castle |
| 21:43 | Horahlooks · wall_segment Palisade Wall x14 |
| 22:32 | kagemusha · age_up castle |
| 23:07 | Mampi Yao · age_up castle |
| 23:35 | 欢乐小菜鸟 · age_up castle |
| 23:44 | BLONDYN · wall_segment Stone Wall x8 |
| 23:48 | kagemusha · first_building Castle |
| 23:49 | Mampi Yao · first_building Castle |
| 23:57 | CDLP_Themachine · wall_segment Palisade Wall x11 |
| 24:18 | CDLP_Themachine · age_up castle |
| 24:44 | CDLP_Themachine · first_building Monastery |
| 25:31 | Muad Quim · first_building Castle |
| 25:34 | Horahlooks · wall_segment Stone Wall x1 |
| 26:11 | CDLP_Themachine · wall_segment Stone Wall x6 |
| 27:28 | CDLP_Themachine · first_building Siege Workshop |
| 28:25 | Muad Quim · first_building Monastery |
| 28:35 | Horahlooks · age_up castle |
| 28:52 | kagemusha · first_building Siege Workshop |
| 29:47 | icglyn10 · first_building Castle |
| 29:57 | Horahlooks · first_building Castle |
| 30:05 | icglyn10 · first_building Siege Workshop |
| 31:02 | BLONDYN · age_up castle |
| 31:10 | BLONDYN · first_building Castle |
| 31:28 | Muad Quim · first_building Siege Workshop |
| 32:00 | Mampi Yao · first_market_buy 100 stone |
| 32:17 | CDLP_Themachine · first_building Castle |
| 33:25 | kagemusha · wall_segment Stone Wall x7 |
| 33:44 | Muad Quim · first_building Archery Range |
| 33:49 | CDLP_Themachine · first_market_sell 100 wood |
| 35:31 | kagemusha · wall_segment Stone Wall x12 |
| 35:53 | Horahlooks · first_building Monastery |
| 35:54 | icglyn10 · first_building Archery Range |
| 36:35 | CDLP_Themachine · first_market_buy 100 stone |
| 38:15 | Mampi Yao · age_up imperial |
| 38:43 | BLONDYN · age_up imperial |
| 38:51 | Muad Quim · first_market_sell 100 food |
| 39:59 | 欢乐小菜鸟 · first_building Castle |
| 40:55 | icglyn10 · first_market_sell 500 wood |
| 41:18 | Mampi Yao · first_building Archery Range |
| 42:03 | kagemusha · wall_segment Stone Wall x9 |
| 42:11 | 欢乐小菜鸟 · first_building Stable |
| 42:52 | CDLP_Themachine · wall_segment Stone Wall x7 |
| 44:12 | icglyn10 · age_up imperial |
| 46:54 | CDLP_Themachine · wall_segment Stone Wall x11 |
| 47:05 | kagemusha · age_up imperial |
| 47:50 | 欢乐小菜鸟 · age_up imperial |
| 48:02 | Mampi Yao · first_market_sell 100 food |
| 48:12 | kagemusha · first_building Stable |
| 49:32 | Horahlooks · first_building Siege Workshop |
| 53:24 | Muad Quim · age_up imperial |
| 54:00 | CDLP_Themachine · wall_segment Stone Wall x11 |
| 55:02 | Mampi Yao · tribute_sent a jugador 1 |
| 55:02 | Mampi Yao · tribute_sent a jugador 2 |
| 55:02 | Mampi Yao · tribute_sent a jugador 4 |
| 55:02 | Mampi Yao · tribute_sent a jugador 5 |
| 55:02 | Mampi Yao · tribute_sent a jugador 6 |
| 55:02 | Mampi Yao · tribute_sent a jugador 7 |
| 55:02 | Mampi Yao · tribute_sent a jugador 8 |
| 55:31 | CDLP_Themachine · wall_segment Stone Wall x18 |
| 56:58 | 欢乐小菜鸟 · first_market_buy 100 stone |
| 57:11 | CDLP_Themachine · wall_segment Stone Wall x5 |
| 57:21 | CDLP_Themachine · wall_segment Stone Wall x3 |
| 57:50 | CDLP_Themachine · wall_segment Stone Wall x8 |
| 60:56 | CDLP_Themachine · wall_segment Stone Wall x2 |
| 61:07 | CDLP_Themachine · wall_segment Stone Wall x1 |
| 61:34 | CDLP_Themachine · wall_segment Stone Wall x1 |
| 62:56 | Horahlooks · age_up imperial |
| 64:35 | CDLP_Themachine · wall_segment Stone Wall x1 |
| 66:23 | icglyn10 · tribute_sent a jugador 1 |
| 66:23 | icglyn10 · tribute_sent a jugador 2 |
| 66:23 | icglyn10 · tribute_sent a jugador 3 |
| 66:23 | icglyn10 · tribute_sent a jugador 4 |
| 66:23 | icglyn10 · tribute_sent a jugador 5 |
| 66:23 | icglyn10 · tribute_sent a jugador 6 |
| 66:23 | icglyn10 · tribute_sent a jugador 7 |
| 66:50 | Muad Quim · tribute_sent a jugador 1 |
| 66:50 | Muad Quim · tribute_sent a jugador 3 |
| 66:50 | Muad Quim · tribute_sent a jugador 4 |
| 66:50 | Muad Quim · tribute_sent a jugador 5 |
| 66:50 | Muad Quim · tribute_sent a jugador 6 |
| 66:50 | Muad Quim · tribute_sent a jugador 7 |
| 66:50 | Muad Quim · tribute_sent a jugador 8 |
| 67:53 | Muad Quim · resign |
| 70:30 | Horahlooks · first_market_buy 500 food |
| 74:18 | CDLP_Themachine · wall_segment Stone Wall x33 |
| 74:22 | CDLP_Themachine · age_up imperial |
| 74:50 | 欢乐小菜鸟 · first_building Siege Workshop |
[ AI ANALYSIS · 1 CREDIT ]
What really happened in this match?
Wolo.gg analyzes every decision: build order, eco, micro, common mistakes by bracket. Personalized analysis on WhatsApp or Discord in 30 seconds.
Civ guide
Burgundians
Perfil
Jugador #2326356